 Dungeon Crawl Stone Soup version 0.22-a0-542-gce4f928 (webtiles) character file.

801 inc the Skirmisher (level 7, -2/52 HPs)
             Began as an Octopode Wizard on June 24, 2018.
             Was an Initiate of Gozag.
             Slain by an orc warrior
             ... wielding a +0 glaive
              (8 damage)
             ... on level 6 of the Dungeon.
             The game lasted 00:09:41 (6791 turns).

inc the Skirmisher (Octopode Wizard)                Turns: 6791, Time: 00:09:42

Health: -2/52      AC:  8    Str:  7    XL:     7   Next: 90%
Magic:  7/11       EV: 15    Int: 22    God:    Gozag
Gold:   363        SH:  0    Dex: 10    Spells: 4/12 levels left

rFire    . . .     SeeInvis .   q - +1 mace (protect)
rCold    . . .     Gourm    .   (no shield)
rNeg     . . .     Faith    .   a - +0 hat
rPois    .         Spirit   .   (no amulet)
rElec    .         Reflect  .   i - ring of loudness (curse)
rCorr    .         Harm     .   (no ring)
MR       .....                  (no ring)
Stlth    ++........             (no ring)
HPRegen  0.17/turn              (no ring)
MPRegen  0.12/turn              (no ring)
                                (no ring)
                                (no ring)

@: gold aura, protection aura
A: almost no armour, stealthy swim, amphibious, 8 rings, constrict 8, camouflage
1, gelatinous body 1
a: Potion Petition, Call Merchant, Bribe Branch, Renounce Religion


You were on level 6 of the Dungeon.
You worshipped Gozag.
Gozag was aware of your devotion.
You were full.

You visited 2 branches of the dungeon, and saw 7 of its levels.

You collected 412 gold pieces.
You paid 49 gold pieces to Gozag.

Inventory:

Hand Weapons
 g - a +0 dagger
 j - a +0 short sword
 k - a +0 spear
 l - a +2 dagger of speed
 o - a +0 hand axe of flaming
 q - a +1 mace of protection (weapon)
Armour
 a - a +0 hat (worn)
Jewellery
 i - a cursed ring of loudness (left tentacle)
 r - an uncursed ring of fire
Wands
 u - a wand of acid (5)
Scrolls
 e - 2 scrolls of teleportation
 f - 3 scrolls of identify
 h - a scroll of amnesia
Potions
 d - a potion of resistance
 m - a potion of brilliance
 p - a potion of flight
 s - a potion of lignification {unknown}
 t - a potion of might {unknown}
Comestibles
 c - 14 rations


   Skills:
 - Level 6.0 Fighting
 - Level 6.0 Dodging
 - Level 2.6 Stealth
 - Level 3.0 Spellcasting
 - Level 1.0 Conjurations
 + Level 1.6 Summonings
 - Level 1.0 Translocations


You had 4 spell levels left.
You knew the following spells:

 Your Spells              Type           Power        Failure   Level  Hunger
a - Magic Dart            Conj           #...         9%          1    None
b - Blink                 Tloc           N/A          12%         2    ##.....
c - Mephitic Cloud        Conj/Pois/Air  #.......     32%         3    ###....
d - Call Imp              Summ           ##......     10%         2    ##.....

Your spell library contained the following spells:

 Spells                   Type           Power        Failure   Level  Hunger
 Conjure Flame            Conj/Fire      #.......     30%         3    ###....
 Slow                     Hex            #.......     19%         2    ##.....
 Confuse                  Hex            #.......     36%         3    ###....
 Confusing Touch          Hex            #.....       12%         1    None
 Metabolic Englaciation   Hex/Ice        #.........   98%         5    ######.
 Petrify                  Tmut/Erth      #.......     77%         4    ####...
 Gell's Gravitas          Tloc           #.........   24%         3    ###....
 Yara's Violent Unravell  Hex/Tmut       #.........   98%         5    ######.


Dungeon Overview and Level Annotations

Branches:
Dungeon (6/15)             Temple (1/1) D:5

Altars:
Dithmenos
Elyvilon
Gozag
Hepliaklqana
Kikubaaqudgha
Makhleb
Nemelex Xobeh
Okawaru
Qazlal
Ru
Sif Muna
Uskayaw
Vehumet
Wu Jian
Yredelemnul
Zin
The Shining One


Innate Abilities, Weirdness & Mutations

You cannot wear most types of armour.
You are very stealthy in the water. (Stealth+)
You are amphibious.
You can wear up to eight rings at the same time.
You can use your tentacles to constrict eight enemies at once.
Your skin changes colour to match your surroundings (Stealth+).
Your rubbery body absorbs attacks. (AC +1, EV +1)


Message History

The ball explodes into a vile cloud!
The stinking cloud engulfs your iron imp.
Your iron imp appears unharmed.
The stinking cloud engulfs the orc warrior.
The orc warrior is severely wounded.
You constrict the orc warrior.
You hear a shout! x2
The orc warrior is engulfed in noxious fumes.
The orc warrior hits you with a glaive!
* * * LOW HITPOINT WARNING * * *
Unknown command.
Unknown command.
You feel better.
You constrict the orc warrior.
Okay, then.
You hit the orc warrior.
Your weapon exudes an aura of protection.
The orc warrior is almost dead.
You constrict the orc warrior. The orc warrior hits you with a glaive!
You die...
Your body crumbles into a pile of gold.

.............#######..#
#.# ...........(.#
###..#####.#
.............#
#....##....#
.............#
#.#.###.####
.............# #<...##.#
.........$.#+#######.....#
[.........$$.$§§..#...####
.........#..$.§5..#.###
........##...§§o@.#.###
.......#####+######...#
.......# ###.#####
.....#.# #.....# ######..
###.### ##. #######.## .
#...##...# .. #.#......#
#........#


You could see an orc warrior and a friendly iron imp.

Vanquished Creatures
  An ogre (D:5)
  2 bullfrogs (D:6)
  2 hounds
  2 bullfrog skeletons (D:5)
  Jessica (D:2)
  An orc wizard (D:6)
  2 worker ants
  A hound skeleton (D:4)
  A howler monkey skeleton (D:5)
  A worker ant zombie (D:5)
  4 gnolls (D:3)
  10 adders
  2 oozes
  3 worms
  6 dart slugs
  2 leopard geckos
  5 orcs
  4 ball pythons
  10 bats
  3 giant cockroaches
  8 goblins
  8 hobgoblins
  8 jackals
  A quokka (D:5)
  A frilled lizard (D:1)
  A jackal skeleton (D:6)
  4 kobolds
  7 rats
101 creatures vanquished.

Vanquished Creatures (collateral kills)
  An ice beast (D:6)
  A scorpion (D:6)
  An iguana (D:6)
  2 orcs (D:6)
5 creatures vanquished.

Grand Total: 106 creatures vanquished

Notes
Turn   | Place    | Note
-------+----------+-------------------------------------------
     0 | D:1      | inc the Octopode Wizard began the quest for the Orb.
     0 | D:1      | Reached XP level 1. HP: 11/11 MP: 4/4
    38 | D:1      | Reached skill level 1 in Fighting
   353 | D:1      | Reached XP level 2. HP: 12/18 MP: 6/6
  1050 | D:1      | Reached XP level 3. HP: 16/25 MP: 1/7
  2076 | D:2      | Found an iron altar of Okawaru.
  2087 | D:2      | Reached XP level 4. HP: 17/31 MP: 8/8
  3121 | D:2      | Noticed Jessica
  3130 | D:2      | Killed Jessica
  3130 | D:2      | Reached XP level 5. HP: 33/38 MP: 9/9
  3453 | D:3      | Reached skill level 5 in Fighting
  3871 | D:3      | Found a glowing silver altar of Zin.
  4197 | D:3      | Reached XP level 6. HP: 27/45 MP: 10/10
  4323 | D:3      | Learned a level 2 spell: Blink
  4326 | D:3      | Learned a level 2 spell: Call Imp
  4330 | D:3      | Learned a level 3 spell: Mephitic Cloud
  4335 | D:3      | Found a burning altar of Makhleb.
  4701 | D:4      | Found a sparkling altar of Nemelex Xobeh.
  4702 | D:4      | Found an opulent altar of Gozag.
  4707 | D:4      | Became a worshipper of Gozag Ym Sagoz the Greedy
  4737 | D:4      | Found a white marble altar of Elyvilon.
  5241 | D:5      | Entered Level 5 of the Dungeon
  5384 | D:5      | Found an ancient bone altar of Kikubaaqudgha.
  5568 | D:5      | Found a staircase to the Ecumenical Temple.
  5615 | D:5      | Reached XP level 7. HP: 34/52 MP: 8/11
  5645 | Temple   | Entered the Ecumenical Temple
  6194 | D:6      | Reached skill level 5 in Dodging
  6789 | D:6      | HP: 1/52 [orc warrior/glaive (8)]
  6791 | D:6      | Slain by an orc warrior

Vault maps used:
D:1:      shiori_shiawase
D:2:      kennysheep_okawaru_gauntlet, uniq_jessica
D:3:      makhleb_blood_cavern_becter, marbit_many_paths
D:4:      grunt_temple_overflow_opulence, elyvilon_altar_3
D:5:      kiku_gazebo_garden_becter, minmay_temple_entry_butterflies,
          first_ration, minmay_misc_feat_rugged
D:6:      eino_tiny_chamber, grunt_tough_drop
Temple:   zaba_magenta_temple

Skill      XL: |  1  2  3  4  5  6  7 |
---------------+----------------------+-----
Fighting       | 1 2 3 4 5 6 |  6.0
Dodging        | 4 6 |  6.0
Stealth        | |  2.6
Spellcasting   | |  3.0
Conjurations   | |  1.0
Summonings     | |  1.6
Translocations | |  1.0

Action                   |  1- 3 |  4- 6 |  7- 9 || total
-------------------------+-------+-------+-------++-------
Melee: Unarmed           |    90 |       |       ||    90
       Constrict         |    32 |    40 |    14 ||    86
       Tentacles         |    22 |    24 |    11 ||    57
       Dagger            |    34 |    62 |       ||    96
       Short sword       |       |     9 |       ||     9
       Spear             |       |     5 |       ||     5
       Mace              |       |   128 |    55 ||   183
 Cast: Magic Dart        |    14 |    12 |       ||    26
       Call Imp          |       |     1 |    10 ||    11
       Mephitic Cloud    |       |       |     1 ||     1
  Use: Potion            |       |     1 |     5 ||     6
       Scroll            |       |     9 |       ||     9
 Stab: Sleeping          |     3 |     5 |       ||     8
  Eat: Chunk             |     4 |     7 |       ||    11
       Ration            |       |     2 |     2 ||     4
Armor: Skin              |     7 |    28 |    10 ||    45
Dodge: Dodged            |    86 |   158 |    54 ||   298

Table legend:
 A = Spawn XP
 B = Non-spawn XP
 C = Spawn XP percentage of total XP
 D = Spawn monster count
 E = Non-spawn monster count
 F = Spawn count percentage of total count
 G = Total turns spent on level
                    A         B        C        D         E        F      G
               +---------+---------+-------+---------+---------+-------+---------
         Total |       0 |    1145 |   0.0 |       0 |     106 |   0.0 |  6791
               +---------+---------+-------+---------+---------+-------+---------
           D:1 |       0 |      61 |   0.0 |       0 |      29 |   0.0 |  1810
           D:2 |       0 |     135 |   0.0 |       0 |      21 |   0.0 |  1586
           D:3 |       0 |     173 |   0.0 |       0 |      22 |   0.0 |  1156
           D:4 |       0 |     107 |   0.0 |       0 |       8 |   0.0 |   689
           D:5 |       0 |     241 |   0.0 |       0 |      12 |   0.0 |   823
           D:6 |       0 |     428 |   0.0 |       0 |      14 |   0.0 |   650
               +---------+---------+-------+---------+---------+-------+---------
